AoeStats
← Vek Reversal

Arena

508285466Analyzed
4v4 RM · 10d ago on Sep 21, 2026· 50m 15s· 8 players
Game mode
Random Map
Map size
Large (8 player)
Population
200
Speed
Normal
Resources
Standard
Victory
Conquest
Starting age
Dark Age
Ending age
Imperial Age
RankedLock teamsTeams togetherTeam positionsShared explorationLock speedFull tech treeHidden civsTurbo modeCheats
Victory
Defeat
🇬🇧 Romans · United Kingdom
1187
+15
🇬🇧 Bohemians · United Kingdom
1185
+15
🇨🇳 Gurjaras · China
1160
+16
🇫🇷 Khmer · France
1127
+17
🇬🇧 Persians · United Kingdom
1183
-17
🇨🇱 Franks · Chile
1175
-16
🇨🇦 Aztecs · Canada
1152
-15
🇨🇱 Cumans · Chile
1132
-15
andylo16
10:01 Feudal Age
11:58 Wheelbarrow
18:07 Castle Age
16:22 Double-Bit Axe
16:33 Horse Collar
27:43 Heavy Plow
29:50 Hand Cart
30:46 Gold Mining
34:49 Imperial Age
32:40 Ballistas
33:58 Gold Shaft Mining
33:50 Ballistics
34:52 Heavy Scorpion
35:55 Siege Engineers
37:53 Chemistry
37:08 Bow Saw
37:32 Town Watch
37:35 Loom
39:13 Town Patrol
39:49 Crop Rotation
40:34 Stone Mining
45:35 Fortified Wall
45:40 Masonry
45:37 Fletching
45:47 Padded Archer Armor
45:58 Forging
45:54 Scale Barding Armor
45:50 Scale Mail Armor
47:49 Leather Archer Armor
47:29 Bodkin Arrow
47:06 Capped Ram
47:10 Onager
myth大帝110110110
6:40 Loom
8:38 Feudal Age
12:37 Castle Age
10:46 Double-Bit Axe
25:16 Wheelbarrow
28:05 Bow Saw
32:12 Horse Collar
33:54 Forging
34:17 Hand Cart
34:04 Heavy Plow
34:49 Forging
34:47 Scale Barding Armor
35:03 Gold Mining
35:35 Bloodlines
35:26 Husbandry
39:27 Imperial Age
37:14 Bloodlines
37:04 Husbandry
37:55 Gold Shaft Mining
37:43 Stone Mining
38:17 Kshatriyas
38:19 Treadmill Crane
39:19 Iron Casting
39:50 Chain Barding Armor
39:53 Fletching
40:55 Stone Shaft Mining
40:04 Heavy Camel Rider
44:28 Heavy Scorpion
46:24 Chemistry
45:45 Ballistics
45:06 Treadmill Crane
46:31 Conscription
47:02 Frontier Guards
Petersplaff
10:12 Feudal Age
13:15 Castle Age
13:10 Double-Bit Axe
14:24 Bow Saw
19:34 Wheelbarrow
19:59 Stone Mining
20:13 Loom
21:49 Hand Cart
24:09 Horse Collar
25:52 Heavy Plow
29:23 Imperial Age
29:39 Bloodlines
29:48 Scale Barding Armor
30:42 Crop Rotation
31:49 Chain Barding Armor
32:05 Fletching
32:19 Husbandry
32:19 Gold Mining
33:05 Stone Shaft Mining
33:48 Gold Shaft Mining
33:59 Bodkin Arrow
34:40 Plate Barding Armor
34:51 Bracer
35:54 Chemistry
34:50 Murder Holes
36:31 Hoardings
36:17 Conscription
37:10 Elite Battle Elephant
38:09 Forging
40:38 Iron Casting
41:54 Pikeman
42:37 Scale Mail Armor
43:37 Blast Furnace
43:08 Halberdier
45:31 Tusk Swords
45:49 Chain Mail Armor
45:35 Padded Archer Armor
48:45 Elite Skirmisher
49:55 Elite Ballista Elephant
Vek Reversal
0:26 Loom
9:18 Loom
11:28 Feudal Age
15:30 Castle Age
13:51 Double-Bit Axe
17:12 Horse Collar
26:44 Chemistry
27:58 Padded Archer Armor
28:12 Forging
28:02 Scale Mail Armor
29:42 Scale Mail Armor
33:45 Imperial Age
31:27 Pikeman
32:08 Squires
32:25 Leather Archer Armor
32:26 Chain Mail Armor
33:27 Wheelbarrow
34:45 Siege Engineers
35:43 Ring Archer Armor
35:29 Chain Mail Armor
35:50 Iron Casting
35:31 Heavy Plow
35:42 Halberdier
39:52 Plate Mail Armor
40:23 Blast Furnace
40:12 Arson
43:10 Houfnice
45:42 Scale Barding Armor
45:27 Fletching
GR4Y_BE4RD
11:05 Feudal Age
14:42 Castle Age
13:24 Horse Collar
13:53 Double-Bit Axe
14:40 Forging
19:24 Squires
20:25 Fervor
21:30 Sanctity
23:44 Bow Saw
23:44 Elite Skirmisher
24:31 Stone Mining
24:35 Gold Mining
24:58 Loom
25:42 Redemption
27:06 Wheelbarrow
26:17 Town Watch
27:34 Fletching
27:45 Scale Mail Armor
27:46 Padded Archer Armor
33:08 Imperial Age
30:54 Hand Cart
30:45 Bodkin Arrow
31:05 Chain Mail Armor
31:06 Leather Archer Armor
30:26 Eagle Warrior
32:42 Ballistics
32:37 Fortified Wall
33:17 Heavy Plow
33:59 Gold Shaft Mining
33:59 Stone Shaft Mining
33:16 Elite Eagle Warrior
34:25 Atlatl
35:24 Plate Mail Armor
34:55 Bracer
35:23 Block Printing
37:32 Onager
38:22 Siege Engineers
Chelowolf
6:22 Loom
10:15 Feudal Age
15:21 Castle Age
13:41 Double-Bit Axe
17:42 Bow Saw
17:59 Loom
23:01 Wheelbarrow
27:06 Husbandry
27:15 Scale Barding Armor
29:05 Gold Mining
31:22 Hand Cart
33:42 Imperial Age
30:51 Light Cavalry
33:03 Chain Barding Armor
33:04 Forging
33:49 Fletching
33:53 Cavalier
35:10 Plate Barding Armor
35:48 Chemistry
35:39 Iron Casting
35:28 Onager
39:21 Siege Engineers
40:42 Paladin
41:58 Bodkin Arrow
43:04 Blast Furnace
Camilo M87
9:48 Feudal Age
12:15 Man-at-Arms
17:45 Horse Collar
25:27 Castle Age
25:11 Wheelbarrow
25:40 Forging
25:18 Loom
25:21 Town Watch
30:00 Hand Cart
29:42 Double-Bit Axe
32:13 Capped Ram
33:53 Masonry
33:24 Pikeman
37:42 Heavy Plow
39:10 Gold Mining
K
10:30 Feudal Age
15:10 Castle Age
13:19 Double-Bit Axe
13:24 Horse Collar
19:48 Bow Saw
20:21 Gold Mining
22:39 Wheelbarrow
21:56 Loom
21:57 Town Watch
23:50 Gold Shaft Mining
25:28 Hand Cart
28:47 Imperial Age
26:29 Forging
26:24 Scale Barding Armor
26:49 Pikeman
27:29 Squires
27:17 Gambesons
27:33 Stone Mining
28:30 Iron Casting
27:53 Murder Holes
29:26 Stone Shaft Mining
29:08 Husbandry
29:19 Bloodlines
28:30 Cavalier
30:16 Blast Furnace
29:37 Chain Barding Armor
29:36 Heavy Plow
33:00 Plate Barding Armor
31:49 Savar
35:41 Crop Rotation
35:04 Fletching
35:14 Padded Archer Armor
34:48 Crossbowman
36:54 Conscription
36:37 Kamandaran
36:37 Bodkin Arrow
36:58 Leather Archer Armor
38:14 Chemistry
37:33 Thumb Ring
39:10 Halberdier
41:16 Elite War Elephant
42:37 Devotion
45:19 Scale Mail Armor
47:11 Chain Mail Armor
Connection lost

Rejoining the realm…

Still unreachable

The connection could not be restored.

Session expired

The server has moved on; the page needs a fresh start.